 Dungeon Crawl Stone Soup version 0.20.0-15-g7f486f2 (webtiles) character file.

2842 vishdafish the Carver (level 9, 0/78 HPs)
             Began as a Minotaur Fighter on June 17, 2017.
             Slain by a black bear (8 damage)
             ... on level 8 of the Dungeon on June 18, 2017.
             The game lasted 00:35:56 (5342 turns).

vishdafish the Carver (Minotaur Fighter)            Turns: 5342, Time: 00:35:56

Health: 0/78       AC: 10    Str: 21    XL:     9   Next: 46%
Magic:  8/8        EV: 13    Int:  5    God:
Gold:   234        SH: 12    Dex: 13    Spells: 8/8 levels left

rFire    . . .     SeeInvis .   e - +2 falchion (elec)
rCold    . . .     Gourm    .   c - +1 shield
rNeg     . . .     Faith    .   p - +4 ring mail
rPois    +         Spirit   .   (helmet restricted)
rElec    .         Reflect  .   (no cloak)
rCorr    .         Harm     .   (no gloves)
MR       .....                  (no boots)
Stlth    ++........             C - amulet of inaccuracy
Regen    0.3/turn               i - ring of poison resistance
MPRegen  0.2/turn               B - ring of stealth

@: no status effects
A: retaliatory headbutt, horns 2
a: no special abilities


You were on level 8 of the Dungeon.
You were not hungry.

You visited 2 branches of the dungeon, and saw 9 of its levels.

You collected 234 gold pieces.

Inventory:

Hand Weapons
 a - a +1 long sword
 e - a +2 falchion of electrocution (weapon)
 l - a +0 dagger
 t - a +0 scythe
 I - a +2 dagger of venom
 J - a +0 dire flail
Missiles
 o - 3 tomahawks
 r - 11 poisoned needles (quivered)
Armour
 b - a +0 scale mail
 c - a +1 shield (worn)
 j - a cursed +0 helmet
 m - a +0 chain mail of cold resistance
 p - a +4 ring mail (worn)
 u - a +0 robe
 G - a +0 plate armour of fire resistance
Jewellery
 i - a ring of poison resistance (left hand)
 n - an uncursed ring of positive energy
 B - a ring of stealth (right hand)
 C - an amulet of inaccuracy (around neck)
Scrolls
 g - a scroll of amnesia
 k - 3 scrolls of enchant weapon
 y - a scroll of teleportation
 z - a scroll of fog {unknown}
 E - a scroll of recharging {unknown}
 F - a scroll of immolation {unknown}
 H - a scroll of enchant armour
 K - a scroll of magic mapping {unknown}
Potions
 d - 2 potions of might
 f - 4 potions of agility
 q - 2 potions of magic {unknown}
 s - a potion of cancellation {unknown}
 v - a potion of curing
 w - a potion of haste {unknown}
 x - 2 potions of lignification {unknown}
 A - a potion of flight {unknown}
Comestibles
 h - a bread ration
 D - a royal jelly


   Skills:
 * Level 6.7 Fighting
 + Level 9.3 Long Blades
 + Level 6.4 Armour
 * Level 6.2 Dodging
 + Level 2.5 Stealth
 + Level 7.3 Shields


You had 8 spell levels left.
You didn't know any spells.

Dungeon Overview and Level Annotations

Branches:
Dungeon (8/15)             Temple (1/1) D:5            Lair (0/6) D:8

Altars:
Ashenzari
Cheibriados
Elyvilon
Fedhas
Gozag
Hepliaklqana
Kikubaaqudgha
Okawaru
Qazlal
Ru
Sif Muna
Trog
Uskayaw
Vehumet
Xom
Zin

Shops:
D:2 *


Innate Abilities, Weirdness & Mutations

You reflexively headbutt those who attack you in melee.
You have a pair of horns on your head.


Message History

The black bear is almost dead.
The black bear goes berserk!
A yak comes into view.
You closely miss the black bear.
The black bear is severely wounded.
You block the black bear's attack. The black bear claws you.
* * * LOW HITPOINT WARNING * * *
The black bear claws you.
* * * LOW HITPOINT WARNING * * *
You completely miss the black bear.
The yak bellows!
Your headbutt misses the black bear.
The black bear is severely wounded.
The black bear bites you.
* * * LOW HITPOINT WARNING * * *
The black bear closely misses you.
The black bear claws you but does no damage.
Okay, then.
You feel better. The black bear bites you!
You die... =.= # ##.#.# #Y #....# Y##..#.# Y#...# YYY#

##h#######
#.@.......
#.....####
#()##.#
#..# #
#..# ...#
#..# ##.#


You could see 6 yaks and a black bear (berserk).

Vanquished Creatures
  A two-headed ogre (D:8)
  A hippogriff (D:8)
  Sigmund (D:3)
  4 ogres
  2 orc warriors
  A phantom (D:4)
  The ghost of vishdafish the Shield-Bearer, an amateur MiFi (D:3)
  An ice beast (D:6)
  A necrophage (D:8)
  2 centaurs (D:5)
  A crocodile (D:8)
  A bullfrog (D:6)
  2 crimson imps (D:5)
  A quasit (D:7)
  3 bullfrog skeletons
  A hound (D:6)
  An orc priest (D:6)
  3 centaur skeletons (D:4)
  3 orc wizards
  2 iguanas
  A worker ant (D:5)
  A hound skeleton (D:4)
  10 adders
  4 worms
  4 dart slugs
  2 leopard geckos
  19 orcs
  6 giant cockroaches
  2 goblins
  4 hobgoblins
  11 jackals
  2 quokkas (D:6)
  2 ball pythons (D:7)
  6 bats
  3 frilled lizards
  3 kobolds
  3 rats
116 creatures vanquished.

Vanquished Creatures (others)
  A hobgoblin (D:2)
1 creature vanquished.

Grand Total: 117 creatures vanquished

Notes
Turn   | Place    | Note
-------+----------+-------------------------------------------
     0 | D:1      | vishdafish the Minotaur Fighter began the quest for the Orb.
     0 | D:1      | Reached XP level 1. HP: 19/19 MP: 0/0
   230 | D:1      | Reached XP level 2. HP: 22/27 MP: 1/1
   252 | D:1      | Reached skill level 1 in Dodging
   379 | D:2      | Found Zin's Purification Station.
   382 | D:2      | Found a glowing silver altar of Zin.
   516 | D:2      | Reached XP level 3. HP: 33/33 MP: 2/2
   837 | D:2      | Found a hazy altar of Hepliaklqana.
   985 | D:2      | Found a radiant altar of Vehumet.
  1006 | D:2      | Reached skill level 3 in Long Blades
  1425 | D:3      | Found an iron altar of Okawaru.
  1426 | D:3      | Noticed Sigmund
  1434 | D:3      | Killed Sigmund
  1434 | D:3      | Reached skill level 4 in Long Blades
  1434 | D:3      | Reached XP level 4. HP: 27/40 MP: 3/3
  1434 | D:3      | Reached XP level 5. HP: 31/46 MP: 4/4
  1560 | D:3      | Noticed vishdafish's ghost (amateur MiFi)
  1587 | D:3      | Killed vishdafish's ghost
  1587 | D:3      | Reached skill level 5 in Armour
  1587 | D:3      | Reached XP level 6. HP: 5/52 MP: 5/5
  1979 | D:3      | Found a bloodstained altar of Trog.
  2412 | D:4      | Reached skill level 5 in Long Blades
  2519 | D:4      | Reached XP level 7. HP: 55/60 MP: 6/6
  2657 | D:4      | Reached skill level 6 in Long Blades
  2705 | D:4      | Found a blossoming altar of Fedhas.
  2725 | D:4      | Reached skill level 5 in Shields
  3305 | D:5      | Entered Level 5 of the Dungeon
  3329 | D:5      | Reached skill level 1 in Stealth
  3458 | D:5      | Reached skill level 7 in Long Blades
  3541 | D:5      | Found a staircase to the Ecumenical Temple.
  3604 | D:5      | Reached skill level 5 in Fighting
  3679 | Temple   | Entered the Ecumenical Temple
  4356 | D:6      | Reached XP level 8. HP: 64/68 MP: 7/7
  4680 | D:6      | Reached skill level 8 in Long Blades
  4680 | D:6      | Reached skill level 5 in Dodging
  4833 | D:7      | Found a shimmering altar of Xom.
  4833 | D:7      | Found a shimmering altar of Xom.
  4833 | D:7      | Found a shimmering altar of Xom.
  4833 | D:7      | Found a shimmering altar of Xom.
  4833 | D:7      | Found a shimmering altar of Xom.
  4834 | D:7      | Found a shimmering altar of Xom.
  4869 | D:7      | Noticed a hornet
  4869 | D:7      | a worker ant changed into a hornet
  4874 | D:7      | a hornet changed into a sky beast
  5130 | D:7      | Noticed a queen bee
  5257 | D:8      | Noticed a hippogriff
  5258 | D:8      | Found an ancient bone altar of Kikubaaqudgha.
  5271 | D:8      | Killed a hippogriff
  5271 | D:8      | Reached XP level 9. HP: 67/75 MP: 8/8
  5307 | D:8      | Noticed a two-headed ogre
  5328 | D:8      | Killed a two-headed ogre
  5328 | D:8      | Reached skill level 9 in Long Blades
  5329 | D:8      | Found a staircase to the Lair.
  5341 | D:8      | HP: 2/78 [black bear (6)]
  5342 | D:8      | Slain by a black bear

Skill      XL: |  1  2  3  4  5  6  7  8  9 |
---------------+----------------------------+-----
Dodging        | 1 2 3 4 5 6 |  6.2
Armour         | 4 5 6 |  6.4
Long Blades    | 4 5 7 8 9 |  9.3
Fighting       | 4 5 6 |  6.7
Shields        | 4 5 6 7 |  7.3
Stealth        | 1 2 |  2.5

Action                   |  1- 3 |  4- 6 |  7- 9 || total
-------------------------+-------+-------+-------++-------
Melee: Long sword        |    75 |    84 |    65 ||   224
       Headbutt          |    15 |    14 |    33 ||    62
       Falchion          |       |       |   138 ||   138
  Use: Scroll            |     1 |       |    10 ||    11
       Potion            |       |     3 |     1 ||     4
 Stab: Invisible         |       |     5 |       ||     5
       Sleeping          |       |       |     3 ||     3
  Eat: Bread ration      |     1 |       |     1 ||     2
       Fruit             |       |     1 |     2 ||     3
       Meat ration       |       |       |     1 ||     1
Armor: Scale mail        |    21 |       |       ||    21
       Chain mail        |    10 |       |       ||    10
       Ring mail         |     9 |    27 |    60 ||    96
Dodge: Dodged            |    38 |    29 |    78 ||   145
Block: Shield            |    63 |    47 |   123 ||   233
       Rpst.: Long sword |     8 |    10 |     5 ||    23
       Falchion          |       |       |     8 ||     8
